 Dungeon Crawl Stone Soup version 0.31-a0-145-g046c7d2549 (webtiles) character file.

Game seed: 6925053505796862913

926 mopl the Slasher (level 8, -12/44 HPs)
             Began as a Tengu Warper on June 5, 2023.
             Was an Initiate of Cheibriados.
             Mangled by a vampire
             ... wielding a +0 flail
              (15 damage)
             ... on level 5 of the Dungeon.
             The game lasted 00:06:52 (4164 turns).

mopl the Slasher (Tengu Warper)                     Turns: 4164, Time: 00:06:53

Health: -12/44     AC:  3    Str: 15    XL:     8   Next: 10%
Magic:  15/15      EV: 14    Int: 14    God:    Cheibriados [......]
Gold:   216        SH:  0    Dex: 15    Spells: 1/15 levels left

rFire   + . .        a - +0 long sword
rCold   + + .        (no shield)
rNeg    . . .        b - +0 leather armour
rPois   .            (helmet restricted)
rElec   .            e - scarf {rC+ rF+}
rCorr   .            (no gloves)
SInv    .            (boots unavailable)
Will    .....        w - amulet of regeneration
Stlth   +            r - ring of protection from cold
HPRegen 1.07/turn    (no ring)
MPRegen 0.14/turn

%: no passive effects
@: flying quickly and evasively, unable to drink, slow
A: beak, talons 3, nimble flight, inability to drink after injury 1
a: Renounce Religion


You were on level 5 of the Dungeon.
You worshipped Cheibriados.
Cheibriados was noncommittal.
You visited 2 branches of the dungeon, and saw 6 of its levels.
You also visited: Sewer.

You collected 216 gold pieces.

Inventory:

Hand Weapons
 a - a +0 long sword (weapon)
 j - a +1 mace of venom
Missiles
 d - 11 boomerangs of dispersal
 s - 2 boomerangs
 y - a curare-tipped dart
 B - 7 poisoned darts (quivered)
Armour
 b - a +0 leather armour (worn)
 e - a scarf of resistance (worn)
Jewellery
 k - a ring of ice
 n - a ring of fire
 r - a ring of protection from cold (left hand)
 v - an amulet of guardian spirit
 w - an amulet of regeneration (around neck)
 x - an amulet of the acrobat
Scrolls
 c - 3 scrolls of blinking
 f - 2 scrolls of magic mapping {unknown}
 i - 3 scrolls of summoning {unknown}
 l - 4 scrolls of identify {unknown}
 m - 3 scrolls of teleportation {unknown}
 o - a scroll of fog {unknown}
 q - 2 scrolls of brand weapon {unknown}
 u - 3 scrolls of enchant armour {unknown}
 D - a scroll of silence {unknown}
Potions
 g - a potion of berserk rage {unknown}
 h - 3 potions of mutation {!q}
 p - a potion of brilliance {unknown}
 t - a potion of attraction {unknown}
 z - 2 potions of magic {unknown}
 A - a potion of curing {unknown}
 C - a potion of haste {unknown}
 E - a potion of heal wounds


   Skills:
 - Level 2.0 Fighting
 * Level 7.0 Long Blades
 - Level 1.0 Throwing
 - Level 1.1 Armour
 - Level 2.1 Dodging
 + Level 4.3 Spellcasting
 + Level 4.2 Translocations
 - Level 3.0 Air Magic


You had one spell level left.
You knew the following spells:

 Your Spells              Type           Power      Damage    Failure   Level
a - Manifold Assault      Tloc           15%        N/A       36%         4
b - Lesser Beckoning      Tloc           30%        N/A       6%          2
d - Vhi's Electric Charg  Tloc/Air       26%        N/A       16%         3
e - Blink                 Tloc           30%        N/A       6%          2
t - Teleport Other        Tloc           15%        N/A       12%         3

Your spell library contained the following spells:

 Spells                   Type           Power      Damage    Failure   Level


Dungeon Overview and Level Annotations

Branches:
Dungeon (5/15)             Temple (1/1) D:5           Sewer (visited)

Altars:
Ashenzari
Cheibriados
Elyvilon
Gozag
Hepliaklqana
Kikubaaqudgha
Makhleb
Nemelex Xobeh
Qazlal
Ru
Sif Muna
Uskayaw
Vehumet
Wu Jian
Xom
Yredelemnul
Zin
The Shining One


Innate Abilities, Weirdness & Mutations

You have a beak for a mouth.
You have claws for feet.
Your magical nature lets you fly swiftly and evasively.
You occasionally lose the ability to drink potions when taking damage.


Message History

Cheibriados begins to support your attributes as your movement slows.
Cheibriados is now slowing the effects of poison on you.
(D) Dungeon (T) Temple
Where to? (Enter - Temple, ? - help)
What level of the Dungeon? (default 5, ? - help)
There is a staircase back to the Dungeon here.
You fly upwards.
Welcome back to the Dungeon!
There is a staircase to the Ecumenical Temple here.
A vampire is nearby!
You aren't carrying any items that you can evoke.
Okay, then.
Found a stone staircase leading up.
You aren't carrying any items that you can evoke.
Unknown command.
Okay, then.
You barely miss the vampire. Your kick misses the vampire.
The vampire barely misses you. The vampire closely misses you.
You hit the vampire but do no damage. You claw the vampire, but do no damage.
The vampire closely misses you. x3; The vampire bites you!
The vampire draws strength from your injuries!
You barely miss the vampire. Your peck misses the vampire.
The vampire closely misses you. x2
You barely miss the vampire. Your kick misses the vampire.
You peck the vampire.
The vampire is lightly damaged.
The vampire hits you with a +0 flail!
The vampire bites you but does no damage.
You closely miss the vampire. Your kick misses the vampire.
You peck the vampire, but do no damage.
The vampire is lightly damaged.
The vampire completely misses you. The vampire bites you.
The vampire draws strength from your injuries!
You hit the vampire but do no damage.
The vampire is lightly damaged.
The vampire hits you with a +0 flail!
You feel threatened and lose the ability to drink potions!
* * * LOW HITPOINT WARNING * * *
The vampire misses you. The vampire attacks as you move away!
The vampire hits you with a +0 flail!
You die...

#. #.# ....# ###.# #.
####.###...# .... ..
#....##..#.# #..##
#.##.##.#....###....#
#....##...#...#...#
.######....#.....# .
#..#####.>.## ##...
##....#.....#......
##..#...#V@.#
###.....###....#
#......#.#.#....#
#.#......#. .##....
######.#......#. .#
.<. .......#........
.# ..
########........ .# .
.# ###.##### ## .# .#


You could see a vampire.

Vanquished Creatures
  Menkaure (D:4)
  2 ogres
  2 kobold brigands (Sewer)
  A scorpion (D:4)
  Natasha (thrice) (D:2)
  Terence (D:2)
  An iguana (D:5)
  12 adders
  7 gnolls
  A river rat (Sewer)
  7 worms
  2 orcs
  5 bats
  11 endoplasms
  7 giant cockroaches
  19 goblins
  5 hobgoblins
  2 jackals (D:2)
  15 kobolds
  2 quokkas
  9 ball pythons
  3 frilled lizards
  7 rats
125 creatures vanquished.

Notes
Turn   | Place    | Note
-------+----------+-------------------------------------------
     0 | D:1      | mopl the Tengu Warper began the quest for the Orb.
     0 | D:1      | Reached XP level 1. HP: 12/12 MP: 4/4
   242 | D:1      | Reached XP level 2. HP: 13/17 MP: 6/6
   245 | D:1      | Learned a level 2 spell: Blink
   248 | D:1      | Learned a level 2 spell: Lesser Beckoning
   491 | D:1      | Reached skill level 3 in Long Blades
   762 | D:1      | Reached XP level 3. HP: 21/21 MP: 7/7
   916 | D:1      | Gained mutation: You occasionally lose the ability to drink
                  | potions when taking damage. [potion of mutation]
   923 | D:1      | HP: 1/21 [kobold/+0 short sword (3)]
  1103 | D:2      | Noticed Natasha
  1111 | D:2      | Killed Natasha
  1112 | D:2      | Reached XP level 4. HP: 8/26 MP: 8/8
  1188 | D:2      | Learned a level 3 spell: Vhi's Electric Charge
  1207 | D:2      | Reached skill level 3 in Translocations
  1212 | D:2      | Noticed Natasha
  1222 | D:2      | Killed Natasha
  1223 | D:2      | Reached skill level 4 in Long Blades
  1264 | D:2      | Gained mutation: Your magical nature lets you fly swiftly
                  | and evasively. [Tengu growth]
  1264 | D:2      | Reached XP level 5. HP: 17/30 MP: 10/10
  1364 | D:2      | Reached skill level 1 in Air Magic
  1480 | D:2      | Noticed Natasha
  1510 | D:2      | Killed Natasha
  1579 | D:2      | Noticed Terence
  1584 | D:2      | Killed Terence
  1585 | D:2      | Reached skill level 3 in Spellcasting
  1933 | D:1      | Reached XP level 6. HP: 22/35 MP: 11/11
  1991 | D:1      | Reached skill level 2 in Air Magic
  2071 | D:1      | Learned a level 4 spell: Manifold Assault
  2219 | D:3      | Found an opulent altar of Gozag.
  2420 | D:3      | Found a hazy altar of Hepliaklqana.
  2613 | D:3      | Found a sparkling altar of Nemelex Xobeh.
  2613 | D:3      | Found a stormy altar of Qazlal.
  3014 | D:4      | Found a radiant altar of Vehumet.
  3037 | D:4      | Reached skill level 5 in Long Blades
  3041 | D:4      | Found a glowing drain.
  3065 | Sewer    | Entered a sewer
  3323 | Sewer    | Reached skill level 3 in Air Magic
  3323 | Sewer    | Reached XP level 7. HP: 4/40 MP: 13/13
  3395 | D:4      | Noticed Menkaure
  3410 | D:4      | Killed Menkaure
  3411 | D:4      | Reached skill level 6 in Long Blades
  3450 | D:4      | Reached skill level 4 in Spellcasting
  3632 | D:4      | Reached skill level 4 in Translocations
  3839 | D:5      | Entered Level 5 of the Dungeon
  3854 | D:5      | Learned a level 3 spell: Teleport Other
  3906 | D:5      | Reached XP level 8. HP: 44/44 MP: 15/15
  3910 | D:5      | Reached skill level 7 in Long Blades
  3941 | D:5      | Found a staircase to the Ecumenical Temple.
  3969 | D:5      | Noticed a vampire
  3974 | Temple   | Entered the Ecumenical Temple
  4133 | Temple   | Became a worshipper of Cheibriados the Contemplative
  4162 | D:5      | HP: 2/44 [vampire/+0 flail (16)]
  4164 | D:5      | Mangled by a vampire

Illustrated notes

Levels and vault maps discovered:
D:1:      dpeg_arrival_rooms_b, layout_loops_ring
D:2:      layout_loops_cross, minmay_octomino_c4, uniq_terence, uniq_natasha
D:3:      layout_loops_ring, amcnicky_altar_gilded, lemuel_round_altar,
          gammafunk_temple_overflow_elements
D:4:      layout_basic, mainiacjoe_overflow_tiny_flanked,
          cheibrodos_sewer_entry_drain, saegor_snake_ambush, uniq_menkaure
D:5:      layout_basic, mainiacjoe_overflow_surrounded_room,
          minmay_temple_entry_arrows, minmay_ogre_servants, uniq_sigmund
Temple:   nicolae_temple_bog_church

Skill      XL: |  1  2  3  4  5  6  7  8 |
---------------+-------------------------+-----
Long Blades    | 3 4 5 6 7 |  7.0
Translocations | 3 4 |  4.2
Air Magic      | 1 3 |  3.0
Spellcasting   | 3 4 |  4.3
Fighting       | |  2.0
Throwing       | |  1.0
Armour         | |  1.1
Dodging        | |  2.1

Action                     |  1- 3 |  4- 6 |  7- 9 || total
---------------------------+-------+-------+-------++-------
  Melee: Falchion          |    23 |       |       ||    23
         Peck              |    12 |    25 |    22 ||    59
         Kick              |    11 |    53 |    21 ||    85
         Punch             |     1 |     3 |     2 ||     6
         Long sword        |    51 |   201 |    78 ||   330
  Throw: Dart              |       |       |     5 ||     5
    Use: Potion            |     2 |     1 |       ||     3
   Stab: Sleeping          |     1 |       |       ||     1
 Armour: Leather armour    |    23 |    33 |     2 ||    58
  Dodge: Dodged            |    54 |   130 |    54 ||   238

Table legend: (Time is in decaauts)
 A = Elapsed time spent in this place.
 B = Non-inter-level travel time spent in this place.
 C = Inter-level travel time spent in this place.
 D = Time resting spent in this place.
 E = Time spent auto-exploring this place.
 F = Levels seen in this place.
 G = Mean time per level.
                   A        B        C        D        E       F      G
               +--------+--------+--------+--------+--------+-----+--------+
         Total |   4024 |   3876 |    148 |    654 |   2224 |   7 |  574.9 |
       Dungeon |   3575 |   3451 |    124 |    654 |   1974 |   5 |  715.0 |
        Temple |    167 |    144 |     23 |      0 |    121 |   1 |  167.0 |
         Sewer |    281 |    281 |      0 |      0 |    128 |   1 |  281.0 |
               +--------+--------+--------+--------+--------+-----+--------+

Top non-repeatable levels by time:
     D:1: 1102 daAuts
     D:2: 1094 daAuts
     D:3: 723 daAuts
     D:4: 517 daAuts
   Sewer: 281 daAuts
  Temple: 167 daAuts
     D:5: 137 daAuts
